PL
NORTHERN VIRGINIA RAINBOW MERMAIDS @ NEW ORLEANS VOODOO
09/16/2039
 
TOP OF THE 1ST
Northern Virginia Rainbow Mermaids batting - Pitching for New Orleans Voodoo : LHP Will Hunting
Pitching: LHP Will Hunting
Batting: RHB Phil McCroskey 0-0: Swinging Strike
0-1: Ball
1-1: SINGLE (Line Drive, 8LS, EV 106.2 MPH)
Batting: RHB Mario Castillo 0-0: Called Strike
0-1: Ball
1-1: Called Strike
1-2: Strikes out swinging
Batting: RHB Rob Brooks 0-0: Ball
1-0: Called Strike
1-1: Foul Ball, location: 2F
1-2: Strikes out swinging
Batting: RHB Richard Trevithick 0-0: Called Strike
0-1: Swinging Strike
0-2: Ball
1-2: Strikes out swinging
Top of the 1st over - 0 runs, 1 hit, 0 errors, 1 left on base; Northern Virginia 0 - New Orleans 0
BOTTOM OF THE 1ST
New Orleans Voodoo batting - Pitching for Northern Virginia Rainbow Mermaids : RHP Ratko Davidovic
Pitching: RHP Ratko Davidovic
Batting: LHB Ruud van Ineveld 0-0: Called Strike
0-1: Swinging Strike
0-2: Ball
1-2: Ball
2-2: Fly out, F4 (Popup, 4D, EV 63.8 MPH)
Batting: RHB Griffin Woodfinlevine 0-0: Foul Ball, location: 2F
0-1: Called Strike
0-2: Ball
1-2: Foul Ball, location: 2F
1-2: Ground out 4-3 (Groundball, 4, EV 105.6 MPH)
Batting: LHB Danny Trautmann 0-0: Foul Ball, location: 2F
0-1: Ball
1-1: Ball
2-1: Ground out 1-3 (Groundball, 34S, EV 94.4 MPH)
Bottom of the 1st over - 0 runs, 0 hits, 0 errors, 0 left on base; Northern Virginia 0 - New Orleans 0
TOP OF THE 2ND
Northern Virginia Rainbow Mermaids batting - Pitching for New Orleans Voodoo : LHP Will Hunting
Batting: RHB Lorenzo Varela 0-0: Foul Ball, location: 2F
0-1: Ground out 6-3 (Groundball, 6D, EV 107.5 MPH)
Batting: LHB Tim Stinson 0-0: Called Strike
0-1: Ball
1-1: Called Strike
1-2: Strikes out looking
Batting: LHB Tural Bishara 0-0: Fly out, F8 (Flyball, 8RM, EV 92.5 MPH)
Top of the 2nd over - 0 runs, 0 hits, 0 errors, 0 left on base; Northern Virginia 0 - New Orleans 0
BOTTOM OF THE 2ND
New Orleans Voodoo batting - Pitching for Northern Virginia Rainbow Mermaids : RHP Ratko Davidovic
Batting: LHB Weston Doyle 0-0: Foul Ball, location: 2F
0-1: Ball
1-1: Ball
2-1: Fly out, F7 (Flyball, 78D, EV 99.4 MPH)
Batting: RHB Richard Jost 0-0: Ball
1-0: Swinging Strike
1-1: SOLO HOME RUN (Line Drive, 7LD, EV 104.4 MPH), Distance : 332 ft
Batting: LHB Jorge Alejándrez 0-0: Hit by Pitch, AND HE CHARGES THE MOUND! The benches clear!
Pitching: RHP Henry Henry
Pinch Runner at 1st Rod Sarkies:
Batting: RHB Colm Goodwill 0-0: Fly out, F8 (Flyball, 8RS, EV 90.6 MPH)
Batting: LHB Aurelius Estrada 0-0: Ball
1-0: Foul Ball, location: 2F
1-1: Ball
Wild Pitch!
Rod Sarkies to second
2-1: Fly out, F8 (Flyball, 8LM, EV 86.9 MPH)
Bottom of the 2nd over - 1 run, 1 hit, 0 errors, 1 left on base; Northern Virginia 0 - New Orleans 1
TOP OF THE 3RD
Northern Virginia Rainbow Mermaids batting - Pitching for New Orleans Voodoo : LHP Will Hunting
Now at 1B: Rod Sarkies
Batting: RHB Kjartan Einarsson 0-0: Ball
1-0: Foul Ball, location: 2F
1-1: Called Strike
1-2: Strikes out swinging
Batting: LHB Ryder Ringor 0-0: Ball
1-0: Swinging Strike
1-1: Ball
2-1: DOUBLE (Groundball, 3L, EV 102.5 MPH)
Batting: RHB Phil McCroskey 0-0: Ball
1-0: Foul Ball, location: 2F
1-1: Fly out, F7 (Flyball, 7LS, EV 84.4 MPH)
Batting: RHB Mario Castillo 0-0: Called Strike
0-1: Ball
1-1: Ball
2-1: Fly out, F9 (Flyball, 9, EV 86.2 MPH)
Top of the 3rd over - 0 runs, 1 hit, 0 errors, 1 left on base; Northern Virginia 0 - New Orleans 1
BOTTOM OF THE 3RD
New Orleans Voodoo batting - Pitching for Northern Virginia Rainbow Mermaids : RHP Henry Henry
Batting: RHB Petri Kallio 0-0: Ball
1-0: Swinging Strike
1-1: Swinging Strike
1-2: Ground out 5-3 (Groundball, 5, EV 82.5 MPH)
Batting: LHB Ruud van Ineveld 0-0: Ball
1-0: Ball
2-0: Fly out, F5 (Popup, 5F, EV 65.6 MPH)
Batting: RHB Griffin Woodfinlevine 0-0: Ball
1-0: Ground out 3-1 (Groundball, 34, EV 79.4 MPH)
Bottom of the 3rd over - 0 runs, 0 hits, 0 errors, 0 left on base; Northern Virginia 0 - New Orleans 1
TOP OF THE 4TH
Northern Virginia Rainbow Mermaids batting - Pitching for New Orleans Voodoo : LHP Will Hunting
Batting: RHB Rob Brooks 0-0: Called Strike
0-1: Foul Ball, location: 2F
0-2: Ball
1-2: Ball
2-2: Strikes out swinging
Batting: RHB Richard Trevithick 0-0: Ball
1-0: Called Strike
1-1: Ball
2-1: Ball
3-1: Fly out, F7 (Flyball, 78S, EV 93.8 MPH)
Batting: RHB Lorenzo Varela 0-0: Called Strike
0-1: Ground out U3 (Groundball, 3, EV 77.5 MPH)
Top of the 4th over - 0 runs, 0 hits, 0 errors, 0 left on base; Northern Virginia 0 - New Orleans 1
BOTTOM OF THE 4TH
New Orleans Voodoo batting - Pitching for Northern Virginia Rainbow Mermaids : RHP Henry Henry
Batting: LHB Danny Trautmann 0-0: Ground out 6-3 (Groundball, 56D, EV 110.6 MPH)
Batting: LHB Weston Doyle 0-0: Ball
1-0: Called Strike
1-1: Ball
2-1: Foul Ball, location: 2F
2-2: Foul Ball, location: 2F
2-2: Ball
3-2: SINGLE (Groundball, 6MD, EV 106.2 MPH)
Batting: RHB Richard Jost 0-0: Ball
1-0: Ball
2-0: Swinging Strike
2-1: Fly out, F6 (Popup, 6MD, EV 66.2 MPH)
Batting: RHB Rod Sarkies 0-0: Called Strike
0-1: Foul Ball, location: 2F
0-2: Ball
1-2: Ball
2-2: Fly out, F8 (Flyball, 8LM, EV 91.2 MPH)
Bottom of the 4th over - 0 runs, 1 hit, 0 errors, 1 left on base; Northern Virginia 0 - New Orleans 1
TOP OF THE 5TH
Northern Virginia Rainbow Mermaids batting - Pitching for New Orleans Voodoo : LHP Will Hunting
Batting: LHB Tim Stinson 0-0: Ball
1-0: Ball
2-0: Called Strike
2-1: SINGLE (Line Drive, 56D, EV 105.6 MPH)
Batting: LHB Tural Bishara 0-0: Sac Bunt to 23 - play at second, runner OUT! 3-6
Batting: RHB Kjartan Einarsson 0-0: Ball
1-0: Called Strike
1-1: Foul Ball, location: 2F
1-2: Foul Ball, location: 2F
1-2: Strikes out looking
Tural Bishara steals 2nd base
Batter strikes out.
Batting: LHB Ryder Ringor 0-0: Ball
1-0: Called Strike
1-1: Ball
2-1: Ball
3-1: Ground out U3 (Groundball, 34, EV 106.2 MPH)
Top of the 5th over - 0 runs, 1 hit, 0 errors, 1 left on base; Northern Virginia 0 - New Orleans 1
BOTTOM OF THE 5TH
New Orleans Voodoo batting - Pitching for Northern Virginia Rainbow Mermaids : RHP Henry Henry
Batting: RHB Colm Goodwill 0-0: Ball
1-0: Called Strike
1-1: Called Strike
1-2: Ball
2-2: DOUBLE (Flyball, 8LXD, EV 105.6 MPH)
Batting: LHB Aurelius Estrada 0-0: Called Strike
0-1: Ball
1-1: Ball
2-1: Foul Ball, location: 2F
2-2: Foul Ball, location: 2F
2-2: Ground out 6-3 (Groundball, 6, EV 83.1 MPH)
Colm Goodwill to third
Batting: RHB Petri Kallio 0-0: Ball
1-0: Fly out, F7 (Flyball, 78D, EV 95.6 MPH)
Runner from 3rd tags up, SCORES, throw by LF
Batting: LHB Ruud van Ineveld 0-0: Ball
1-0: Called Strike
1-1: Ball
2-1: Ball
3-1: Fly out, F8 (Line Drive, 8LM, EV 96.9 MPH)
Bottom of the 5th over - 1 run, 1 hit, 0 errors, 0 left on base; Northern Virginia 0 - New Orleans 2
TOP OF THE 6TH
Northern Virginia Rainbow Mermaids batting - Pitching for New Orleans Voodoo : LHP Will Hunting
Batting: RHB Phil McCroskey 0-0: DOUBLE (Groundball, 3L, EV 100.6 MPH)
Batting: RHB Mario Castillo 0-0: Called Strike
0-1: Ball
1-1: Foul Ball, location: 2F
1-2: Hit by Pitch
Batting: RHB Rob Brooks 0-0: Fielders Choice at 2nd, 3-6 (Groundball, 34, EV 80.0 MPH)
Phil McCroskey to third
Batting: RHB Richard Trevithick 0-0: Ball
1-0: Foul Ball, location: 2F
1-1: Called Strike
1-2: Ball
2-2: Ball
3-2: Foul Ball, location: 2F
3-2: Base on Balls
Rob Brooks to second
Batting: RHB Lorenzo Varela 0-0: Called Strike
0-1: Foul Ball, location: 2F
0-2: Foul Ball, location: 2F
0-2: Ball
1-2: Strikes out swinging
Batting: LHB Tim Stinson 0-0: Called Strike
0-1: Ball
1-1: Swinging Strike
1-2: Ball
2-2: Ball
3-2: Base on Balls
Phil McCroskey scores
Rob Brooks to third
Richard Trevithick to second
Batting: LHB Tural Bishara 0-0: GRAND SLAM HOME RUN (Flyball, 9D, EV 91.2 MPH), Distance : 352 ft
Pitching: LHP Sicnarf Loopstok
Batting: RHB Kjartan Einarsson 0-0: Ball
1-0: Foul Ball, location: 2F
1-1: Called Strike
1-2: SINGLE (Groundball, 56D, EV 100.6 MPH)
Batting: LHB Ryder Ringor 0-0: Swinging Strike
0-1: Ball
1-1: Ball
2-1: Fly out, F7 (Flyball, 7S, EV 91.2 MPH)
Top of the 6th over - 5 runs, 3 hits, 0 errors, 1 left on base; Northern Virginia 5 - New Orleans 2
BOTTOM OF THE 6TH
New Orleans Voodoo batting - Pitching for Northern Virginia Rainbow Mermaids : RHP Henry Henry
Batting: RHB Griffin Woodfinlevine 0-0: Foul Ball, location: 2F
0-1: Swinging Strike
0-2: Ball
1-2: Foul Ball, location: 2F
1-2: Ball
2-2: Foul Ball, location: 2F
2-2: Reached on error, E3 (Groundball, 34, EV 88.1 MPH)
Pitching: RHP Javier Ariza
Batting: LHB Danny Trautmann 0-0: Ball
1-0: Ball
2-0: Foul Ball, location: 2F
2-1: SINGLE (Groundball, 56D, EV 100.0 MPH)
Griffin Woodfinlevine to second
Batting: LHB Weston Doyle 0-0: Ball
1-0: 3-RUN HOME RUN (Flyball, 9LD, EV 105.6 MPH), Distance : 346 ft
Batting: RHB Richard Jost 0-0: Foul Ball, location: 2F
0-1: Called Strike
0-2: Ball
1-2: Ball
2-2: Foul Ball, location: 2F
2-2: Strikes out swinging
Batting: RHB Rod Sarkies 0-0: Ball
1-0: Called Strike
1-1: Ball
2-1: Called Strike
2-2: Ground out 6-3 (Groundball, 6S, EV 86.9 MPH)
Batting: RHB Colm Goodwill 0-0: Ball
1-0: Ball
2-0: Ball
3-0: Ground out 6-3 (Groundball, 6, EV 91.2 MPH)
Bottom of the 6th over - 3 runs, 2 hits, 1 error, 0 left on base; Northern Virginia 5 - New Orleans 5
TOP OF THE 7TH
Northern Virginia Rainbow Mermaids batting - Pitching for New Orleans Voodoo : LHP Sicnarf Loopstok
Batting: RHB Phil McCroskey 0-0: Ball
1-0: Called Strike
1-1: Foul Ball, location: 2F
1-2: Ball
2-2: Ball
3-2: Fly out, F9 (Flyball, 89M, EV 80.6 MPH)
Batting: RHB Mario Castillo 0-0: Ball
1-0: Called Strike
1-1: Ball
2-1: Foul Ball, location: 2F
2-2: Ball
3-2: Strikes out swinging
Batting: RHB Rob Brooks 0-0: Foul Ball, location: 2F
0-1: Ball
1-1: Ball
2-1: Foul Ball, location: 2F
2-2: SOLO HOME RUN (Flyball, 7D, EV 103.1 MPH), Distance : 355 ft
Batting: RHB Richard Trevithick 0-0: Called Strike
0-1: SINGLE (Line Drive, 8RS, EV 93.8 MPH)
Batting: RHB Lorenzo Varela 0-0: Ball
1-0: Foul Ball, location: 2F
1-1: Fly out, F7 (Flyball, 7, EV 92.5 MPH)
Top of the 7th over - 1 run, 2 hits, 0 errors, 1 left on base; Northern Virginia 6 - New Orleans 5
BOTTOM OF THE 7TH
New Orleans Voodoo batting - Pitching for Northern Virginia Rainbow Mermaids : RHP Javier Ariza
Batting: LHB Aurelius Estrada 0-0: Called Strike
0-1: Foul Ball, location: 2F
0-2: Ball
1-2: Ball
2-2: Foul Ball, location: 2F
2-2: Ball
3-2: SINGLE (Groundball, 6MD, EV 109.4 MPH)
Pitching: LHP Bobby Ruegsegger
Batting: RHB Petri Kallio 0-0: Bunted foul
0-1: Bunted foul
0-2: Ball
1-2: Foul Ball, location: 2F
1-2: Strikes out swinging
Batting: LHB Ruud van Ineveld 0-0: Called Strike
0-1: Called Strike
0-2: Fly out, F9 (Flyball, 89S, EV 88.1 MPH)
Batting: RHB Griffin Woodfinlevine 0-0: Swinging Strike
0-1: SINGLE (Line Drive, 6M, EV 99.4 MPH)
Aurelius Estrada to second
Runner from 2nd tries for 3rd, SAFE, throw by CF made to third
Batting: LHB Danny Trautmann 0-0: Called Strike
0-1: Called Strike
0-2: Foul Ball, location: 2F
0-2: Fly out, F5 (Popup, 56S, EV 80.0 MPH)
Bottom of the 7th over - 0 runs, 2 hits, 0 errors, 2 left on base; Northern Virginia 6 - New Orleans 5
TOP OF THE 8TH
Northern Virginia Rainbow Mermaids batting - Pitching for New Orleans Voodoo : LHP Sicnarf Loopstok
Batting: LHB Tim Stinson 0-0: Foul Ball, location: 2F
0-1: Ball
1-1: Ball
2-1: Ball
3-1: Called Strike
3-2: Strikes out swinging
Batting: LHB Tural Bishara 0-0: Ball
1-0: Foul Ball, location: 2F
1-1: Foul Ball, location: 2F
1-2: Ball
2-2: Ball
3-2: Strikes out swinging
Batting: RHB Kjartan Einarsson 0-0: Ball
1-0: DOUBLE (Groundball, 5L, EV 100.6 MPH)
Batting: LHB Ryder Ringor 0-0: Foul Ball, location: 2F
0-1: Foul Ball, location: 2F
0-2: Ball
1-2: Fly out, F9 (Flyball, 89M, EV 94.4 MPH)
Top of the 8th over - 0 runs, 1 hit, 0 errors, 1 left on base; Northern Virginia 6 - New Orleans 5
BOTTOM OF THE 8TH
New Orleans Voodoo batting - Pitching for Northern Virginia Rainbow Mermaids : LHP Bobby Ruegsegger
Batting: LHB Weston Doyle 0-0: Called Strike
0-1: Called Strike
0-2: SOLO HOME RUN (Flyball, 89XD, EV 95.0 MPH), Distance : 374 ft
Batting: RHB Richard Jost 0-0: Foul Ball, location: 2F
0-1: Ground out 4-3 (Groundball, 4, EV 91.9 MPH)
Batting: RHB Rod Sarkies 0-0: Fly out, F7 (Line Drive, 7D, EV 93.1 MPH)
Batting: RHB Colm Goodwill 0-0: Ball
1-0: Swinging Strike
1-1: Foul Ball, location: 2F
1-2: Foul Ball, location: 2F
1-2: Strikes out swinging
Bottom of the 8th over - 1 run, 1 hit, 0 errors, 0 left on base; Northern Virginia 6 - New Orleans 6
TOP OF THE 9TH
Northern Virginia Rainbow Mermaids batting - Pitching for New Orleans Voodoo : LHP Sicnarf Loopstok
Pitching: RHP Grover Lowdermilk
Pinch Hitting: LHB Rylen Roersma 0-0: Ball
1-0: Foul Ball, location: 2F
1-1: Ball
2-1: Foul Ball, location: 2F
2-2: Foul Ball, location: 2F
2-2: Ball
3-2: Strikes out swinging
Batting: RHB Mario Castillo 0-0: Called Strike
0-1: SINGLE (Groundball, 56D, EV 93.8 MPH)
Batting: RHB Rob Brooks 0-0: Ball
1-0: Ball
2-0: Foul Ball, location: 2F
2-1: Foul Ball, location: 2F
2-2: Ball
3-2: Foul Ball, location: 2F
3-2: Strikes out swinging
Batting: RHB Richard Trevithick 0-0: Ball
1-0: Ball
2-0: Ball
3-0: Called Strike
3-1: SINGLE (Line Drive, 56, EV 100.6 MPH)
Mario Castillo to second
Batting: RHB Lorenzo Varela 0-0: Ball
1-0: Ball
2-0: Ground out 5-3 (Groundball, 5S, EV 69.4 MPH)
Top of the 9th over - 0 runs, 2 hits, 0 errors, 2 left on base; Northern Virginia 6 - New Orleans 6
BOTTOM OF THE 9TH
New Orleans Voodoo batting - Pitching for Northern Virginia Rainbow Mermaids : LHP Bobby Ruegsegger
Now in CF: Jim Brown
Batting: LHB Aurelius Estrada 0-0: Ball
1-0: Called Strike
1-1: Foul Ball, location: 2F
1-2: Ball
2-2: SINGLE (Line Drive, 78S, EV 91.2 MPH)
Batting: RHB Petri Kallio 0-0: Sac Bunt to 3S - play at second, runner OUT! 3-6
Batting: LHB Ruud van Ineveld 0-0: Ball
1-0: Called Strike
1-1: Ball
2-1: Foul Ball, location: 2F
2-2: Ball
3-2: Foul Ball, location: 2F
3-2: Fly out, F8 (Flyball, 78D, EV 103.8 MPH)
Batting: RHB Griffin Woodfinlevine 0-0: Ball
1-0: Ball
Petri Kallio is caught stealing 2nd base 2-4
Bottom of the 9th over - 0 runs, 1 hit, 0 errors, 0 left on base; Northern Virginia 6 - New Orleans 6
TOP OF THE 10TH
Northern Virginia Rainbow Mermaids batting - Pitching for New Orleans Voodoo : RHP Grover Lowdermilk
Batting: LHB Tim Stinson 0-0: Called Strike
0-1: Ball
1-1: Called Strike
1-2: Foul Ball, location: 2F
1-2: Ball
2-2: Ball
3-2: Base on Balls
Batting: LHB Tural Bishara 0-0: Bunted foul
0-1: Ball
1-1: Sac Bunt to 13 - play at first, batter OUT! 1-4
Tim Stinson to second
Pitching: RHP Wu-ti Xuan
Pinch Hitting: LHB Conor Gotaas 0-0: Called Strike
0-1: Swinging Strike
0-2: Foul Ball, location: 2F
0-2: Ball
1-2: Ball
2-2: Strikes out swinging
Batting: LHB Ryder Ringor 0-0: Intentional Walk
Batting: LHB Jim Brown 0-0: Called Strike
0-1: Swinging Strike
0-2: Ball
1-2: Ball
2-2: Ball
3-2: Base on Balls
Tim Stinson to third
Ryder Ringor to second
Batting: RHB Mario Castillo 0-0: Ball
1-0: Ball
2-0: Ball
3-0: Called Strike
3-1: SINGLE (Groundball, 6, EV 85.6 MPH) (infield hit)
Tim Stinson scores
Ryder Ringor to third
Jim Brown to second
Batting: RHB Rob Brooks 0-0: Ball
1-0: Foul Ball, location: 2F
1-1: Foul Ball, location: 2F
1-2: Strikes out swinging
Top of the 10th over - 1 run, 1 hit, 0 errors, 3 left on base; Northern Virginia 7 - New Orleans 6
BOTTOM OF THE 10TH
New Orleans Voodoo batting - Pitching for Northern Virginia Rainbow Mermaids : LHP Bobby Ruegsegger
Now at SS: José Santos
Batting: RHB Griffin Woodfinlevine 0-0: Swinging Strike
0-1: Foul Ball, location: 2F
0-2: Strikes out swinging
Batting: LHB Danny Trautmann 0-0: Ground out 6-3 (Groundball, 6, EV 106.2 MPH)
Batting: LHB Weston Doyle 0-0: Foul Ball, location: 2F
0-1: Called Strike
0-2: Strikes out swinging
Bottom of the 10th over - 0 runs, 0 hits, 0 errors, 0 left on base; Northern Virginia 7 - New Orleans 6
Wednesday, July 8th, 2020 - OOTP Baseball 20.8 Build 74